 Seeded DCSS version 0.30-a0-304-gdc4b735fe1 (webtiles) character file.

Game seed: 7055128837408656620 (custom seed)

690 Iusername the Covered (level 7, 0/63 HPs)
             Began as a Minotaur Fighter on Oct 20, 2022.
             Slain by an orc warrior
             ... wielding a +0 vorpal halberd
              (5 damage)
             ... on level 5 of the Dungeon.
             The game lasted 00:04:52 (3605 turns).

Iusername the Covered (Minotaur Fighter)            Turns: 3605, Time: 00:04:54

Health: 0/63       AC:  8    Str: 22    XL:     7   Next: 36%
Magic:  6/6        EV:  9    Int:  5    God:
Gold:   170        SH:  5    Dex: 10    Spells: 6/6 levels left

rFire   . . .      SeeInvis .    a - +0 long sword
rCold   . . .      Faith    .    c - +0 buckler
rNeg    . . .      Spirit   .    b - +0 scale mail
rPois   .          Reflect  .    (helmet restricted)
rElec   .          Harm     .    i - +0 cloak
rCorr   .          Rampage  .    (no gloves)
Will    .....                    (no boots)
Stlth   ..........               (no amulet)
HPRegen 0.30/turn                (no ring)
MPRegen 0.10/turn                (no ring)

@: mighty
A: horns 2, retaliatory headbutt
a: no special abilities


You were on level 5 of the Dungeon.
You visited 1 branch of the dungeon, and saw 5 of its levels.

You collected 170 gold pieces.

Inventory:

Hand Weapons
 a - a +0 long sword (weapon)
Missiles
 r - 16 poisoned darts (quivered)
Armour
 b - a +0 scale mail (worn)
 c - a +0 buckler (worn)
 i - a +0 cloak (worn)
Jewellery
 z - a ring of resist corrosion
Wands
 k - a wand of digging (5)
 A - a wand of paralysis (13)
Scrolls
 g - 3 scrolls of teleportation
 h - a scroll of enchant armour {unknown}
 j - 2 scrolls of fear
 o - a scroll of immolation {unknown}
 p - a scroll of poison {unknown}
 s - a scroll of amnesia {unknown}
 t - a scroll of blinking {unknown}
 u - 2 scrolls of enchant weapon {unknown}
 y - a scroll of vulnerability {unknown}
Potions
 d - 2 potions of invisibility {unknown}
 f - a potion of magic {unknown}
 l - 4 potions of curing
 m - a potion of mutation
 v - 3 potions of degeneration
 x - a potion of flight
 B - a potion of brilliance
 C - 2 potions of lignification {unknown}
 D - 2 potions of berserk rage {unknown}


   Skills:
 + Level 6.0 Fighting
 + Level 5.4 Long Blades
 + Level 6.0 Armour
 + Level 6.0 Shields


You had 6 spell levels left.
You didn't know any spells.
Your spell library contained the following spells:

 Spells                   Type           Power      Damage    Failure   Level
 Apportation              Tloc           0%         N/A       86%         1
 Magic Dart               Conj           0%         1d3       86%         1
 Summon Small Mammal      Summ           0%         N/A       86%         1
 Call Imp                 Summ           0%         N/A       94%         2
 Call Canine Familiar     Summ           0%         N/A       99%         3
 Mephitic Cloud           Conj/Pois/Air  0%         N/A       99%         3
 Summon Guardian Golem    Hex/Summ       0%         N/A       99%         3
 Airstrike                Air            0%         2d(0-16)  100%        4
 Summon Lightning Spire   Summ/Air       0%         N/A       100%        4
 Alistair's Intoxication  Tmut/Pois      0%         N/A       100%        5
 Lightning Bolt           Conj/Air       0%         1d11      100%        5


Dungeon Overview and Level Annotations

Branches:
Dungeon (5/15)
 Temple: D:4-7

Altars:

Shops:
D:3 =


Innate Abilities, Weirdness & Mutations

You have a pair of horns on your head.
You reflexively headbutt those who attack you in melee.


Message History

The orc wizard casts a spell.
The orc wizard flickers and vanishes!
Deactivating autopickup; reactivate with Ctrl-A.
You block the orc priest's attack.
Unknown command.
You feel very mighty all of a sudden. The orc warrior closely misses you.
An orc comes into view. It is wielding a +0 dagger.
The orc priest hits you with a +0 hand axe.
You barely miss the orc priest. Your headbutt misses the orc priest.
The orc priest is moderately wounded.
The orc warrior hits you with a +0 vorpal halberd!
The orc priest hits you with a +0 hand axe.
Unknown command.
You barely miss the orc priest.
The orc priest is moderately wounded.
The orc warrior hits you with a +0 vorpal halberd.
The orc priest completely misses you. You furiously retaliate!
You headbutt the orc priest!!
You kill the orc priest!
The orc throws a stone.
The stone hits you but does no damage.
Your Fighting skill increases to level 6!
You slash the orc warrior!
The orc warrior is heavily wounded.
The orc warrior hits you with a +0 vorpal halberd!
* * * LOW HITPOINT WARNING * * *
x2 Unknown command.
You are too injured to fight recklessly!
Unknown command.
You feel much better.
The orc warrior hits you with a +0 vorpal halberd!
Something hits you but does no damage.
The orc throws a stone.
The stone closely misses you.
You hit the orc warrior but do no damage.
Your headbutt misses the orc warrior.
The orc warrior is heavily wounded.
The orc throws a stone.
The stone hits you but does no damage.
The orc warrior hits you with a +0 vorpal halberd!
* * * LOW HITPOINT WARNING * * *
You die...

....... .. #.....#
##.# #.....# #...
##.....### .o.
#......##.#.8o
#......# .o..# #
#......###)#.#.#.#
#...†...##@#.8..#
#......#.##o#
#......##..#.#
#..†...#######
##...........
#..........#
##..[<.####
#.....## #.....#


You could see an orc warrior and 2 orcs.

Vanquished Creatures
  Sigmund (D:2)
  A bullfrog (D:5)
  A necrophage (D:4)
  Crazy Yiuf (D:3)
  An orc priest (D:5)
  Jessica (D:2)
  2 iguanas
  Natasha (thrice) (D:3)
  An orc wizard (D:3)
  Robin (D:2)
  4 adders
  3 gnolls (D:3)
  4 dart slugs
  4 orcs (D:3)
  3 bats
  6 endoplasms
  3 giant cockroaches
  15 goblins
  9 hobgoblins
  7 jackals
  2 quokkas
  5 ball pythons
  5 frilled lizards
  10 kobolds
  3 rats
96 creatures vanquished.

Vanquished Creatures (others)
  3 fungi (D:3)
3 creatures vanquished.

Grand Total: 99 creatures vanquished

Notes
Turn   | Place    | Note
-------+----------+-------------------------------------------
     0 | D:1      | Iusername the Minotaur Fighter began the quest for the Orb.
     0 | D:1      | Reached XP level 1. HP: 19/19 MP: 0/0
    81 | D:1      | Reached XP level 2. HP: 24/27 MP: 1/1
   264 | D:1      | Reached XP level 3. HP: 33/33 MP: 2/2
   741 | D:2      | Noticed Robin
   765 | D:2      | Killed Robin
   779 | D:2      | Reached XP level 4. HP: 12/40 MP: 3/3
   991 | D:2      | Noticed Sigmund
   998 | D:2      | Killed Sigmund
   999 | D:2      | Reached skill level 5 in Fighting
   999 | D:2      | Reached skill level 5 in Armour
   999 | D:2      | Reached skill level 5 in Shields
   999 | D:2      | Reached XP level 5. HP: 35/48 MP: 4/4
  1152 | D:2      | Noticed Jessica
  1167 | D:2      | Killed Jessica
  1827 | D:3      | Reached XP level 6. HP: 56/56 MP: 5/5
  2100 | D:3      | Found a runed translucent door.
  2101 | D:3      | Noticed Crazy Yiuf
  2205 | D:3      | Noticed Natasha
  2218 | D:3      | Killed Natasha
  2294 | D:3      | Noticed Natasha
  2305 | D:3      | Killed Natasha
  2408 | D:3      | Found Xezaeg's Jewellery Emporium.
  2575 | D:3      | Noticed Natasha
  2585 | D:3      | Killed Natasha
  2689 | D:3      | Killed Crazy Yiuf
  2895 | D:4      | Identified the +1 robe of Hadjma {Harm Will++ Int-4 SInv}
  2909 | D:4      | Reached skill level 5 in Long Blades
  3339 | D:4      | Reached XP level 7. HP: 53/62 MP: 6/6
  3562 | D:5      | Entered Level 5 of the Dungeon
  3605 | D:5      | Slain by an orc warrior

Illustrated notes

Levels and vault maps discovered:
D:1:      sevenhm_arrival_forest_fort_small_3, layout_basic
D:2:      layout_basic, uniq_sigmund, uniq_jessica, uniq_robin
D:3:      layout_loops_cross, serial_shops, nicolae_shop_hallway_plus,
          uniq_crazy_yiuf_cottage, uniq_natasha
D:4:      layout_cave_pools
D:5:      layout_cave_pods, serial_shops, shop, mrwooster_statue_mirror,
          minivault_14, guppyfry_early_orc_mine

Skill      XL: |  1  2  3  4  5  6  7 |
---------------+----------------------+-----
Fighting       | 4 5 6 |  6.0
Shields        | 4 5 6 |  6.0
Armour         | 4 5 6 |  6.0
Long Blades    | 3 4 5 |  5.4

Action                   |  1- 3 |  4- 6 |  7- 9 || total
-------------------------+-------+-------+-------++-------
Melee: Long sword        |   102 |   154 |    16 ||   272
       Headbutt          |    14 |    26 |     2 ||    42
Throw: Dart              |       |    46 |       ||    46
  Use: Potion            |     3 |       |     2 ||     5
       Scroll            |       |       |     8 ||     8
Armor: Scale mail        |    69 |    71 |     8 ||   148
Dodge: Dodged            |    55 |    43 |     9 ||   107
Block: Buckler           |    38 |    28 |     4 ||    70

Table legend: (Time is in decaauts)
 A = Elapsed time spent in this place.
 B = Non-inter-level travel time spent in this place.
 C = Inter-level travel time spent in this place.
 D = Time resting spent in this place.
 E = Time spent auto-exploring this place.
 F = Levels seen in this place.
 G = Mean time per level.
                   A        B        C        D        E       F      G
               +--------+--------+--------+--------+--------+-----+--------+
         Total |   3659 |   3542 |    117 |    336 |   2494 |   5 |  731.8 |
       Dungeon |   3659 |   3542 |    117 |    336 |   2494 |   5 |  731.8 |
               +--------+--------+--------+--------+--------+-----+--------+

Top non-repeatable levels by time:
     D:3: 1103 daAuts
     D:2: 1019 daAuts
     D:4: 796 daAuts
     D:1: 695 daAuts
     D:5: 44 daAuts
